Map: Dusk Towers

Players

State - Winner!

  • Race: Protoss Protoss
  • League: Grandmaster

RocY

  • Race: Terran Terran
  • League: Diamond

VOD

https://www.youtube.com/watch?v=nVmiUM2h2Do&feature=youtu.be

Description

www.twitch.tv/statesc2

~State's PvT Adept/MSC Cheese~
-constant probe production, do not cut probes!

build order:
* 14 Pylon
* 16 Gateway
* 16 Gas
Send probe to opponents natural
* ~19 Once probe reaches enemy natural, build a pylon
* ~20 @100% Gateway: Cybernetics Core
* ~21 @100% Pylon(at enemy natural) 2 Gateways
* ~22 Gas
(will build 3 more probes)
* ~23 Adept
* ~25 Mother Ship Core
* ~27 Warpgate Research(Chrono Boost WG Research)
(dont build probes after 1 base saturation, or will be supply blocked)
* @27/31 supply: 2 Adepts
~Send everything across the map!
* 31 Pylon
* 31 Robo
* 1-3 Pylons at bottom of enemy ramp
~Overcharge Pylons once they are complete

Time

  • Played on: Jan. 1, 2016, 12:58 a.m.
  • Length: 3:34
Show
View Real Time Build Order
Export as new Build Order

State Protoss - Winner!

Build Orders:  

Get SALT Encoding   

  12  0:00  Probe (Chrono Boost)  
  13  0:11  Probe (Chrono Boost)  
  14  0:18  Pylon  
  14  0:22  Probe (Chrono Boost)  
  15  0:36  Gateway, Probe (Chrono Boost)  
  16  0:44  Assimilator  
  16  0:47  Probe (Chrono Boost)  
  17  0:58  Probe (Chrono Boost)  
  18  1:08  Probe (Chrono Boost)  
  19  1:15  Pylon  
  19  1:19  Probe (Chrono Boost)  
  19  1:23  Cybernetics Core  
  20  1:29  Probe (Chrono Boost)  
  21  1:36  Gateway  
  21  1:40  Gateway  
  21  1:43  Probe (Chrono Boost)  
  22  1:48  Assimilator  
  22  1:53  Probe (Chrono Boost)  
  23  2:00  Adept  
  25  2:04  Mothership Core (Chrono Boost)  
  27  2:23  Adept  
  27  2:27  Adept  
  31  2:31  Pylon  
  31  2:42  Robotics Facility  
  31  2:52  Adept  
  31  2:54  Adept  
  35  3:00  Pylon  
  35  3:05  Pylon  
  35  3:16  Pylon  
Show
View Real Time Build Order
Export as new Build Order

RocY Terran 

Build Orders:  

Get SALT Encoding   

  12  0:01  SCV  
  13  0:13  SCV  
  14  0:17  Supply Depot  
  14  0:27  SCV  
  15  0:40  SCV  
  15  0:41  Barracks  
  16  0:52  SCV  
  17  0:57  Refinery  
  17  1:04  SCV  
  18  1:16  SCV  
  19  1:29  Marine, Orbital Command  
  20  1:40  Command Center  
  20  1:47  Marine  
  21  1:54  SCV  
  21  2:00  Factory  
  22  2:07  Supply Depot  
  23  2:13  SCV  
  23  2:18  Barracks Reactor  
  23  2:26  Bunker  
  23  2:29  SCV  
  24  2:35  Supply Depot  
  24  2:41  SCV  
  24  2:43  Factory Tech Lab  
  25  2:53  SCV  
  25  2:54  Orbital Command  
  25  2:55  Marine x2  
  28  3:05  SCV  
  29  3:09  Bunker  
  28  3:13  Marine x2  
  28  3:18  SCV  
Tags
 
Add a new tag
Caveats
  • Supply blocks, unpowered buildings, or Contaminate may cause inaccurate times.
  • Supply counts are checked every 10 seconds.